 Dungeon Crawl Stone Soup version 0.27.0-1-g7a089689b8 (webtiles) character file.

Game seed: 7204335936433592942

25 horus123 the Slasher (level 2, 0/24 HPs)
             Began as a Demigod Gladiator on Aug 17, 2021.
             Succumbed to an adder's poison
             ... on level 2 of the Dungeon.
             The game lasted 00:01:05 (702 turns).

horus123 the Slasher (Demigod Gladiator)             Turns: 702, Time: 00:01:05

Health: 0/24       AC:  4    Str: 15    XL:     2   Next: 66%
Magic:  4/4        EV: 27    Int: 10    God:
Gold:   68         SH:  0    Dex: 15    Spells: 1/1 levels left

rFire    . . .     SeeInvis .   a - +0 long sword
rCold    . . .     Faith    .   (no shield)
rNeg     . . .     Spirit   .   b - +0 leather armour
rPois    .         Reflect  .   c - +0 helmet
rElec    .         Harm     .   (no cloak)
rCorr    .         Rampage  .   (no gloves)
Will     .....                  (no boots)
Stlth    +.........             g - amulet of the acrobat
HPRegen  0.08/turn              (no ring)
MPRegen  0.09/turn              (no ring)

@: lethally poisoned (0 -> -6), acrobatic
A: high mp 1, forlorn
a: no special abilities


You were on level 2 of the Dungeon.
You visited 1 branch of the dungeon, and saw 2 of its levels.

You collected 68 gold pieces.

Inventory:

Hand Weapons
 a - a +0 long sword (weapon)
Missiles
 d - 3 throwing nets (quivered)
Armour
 b - a +0 leather armour (worn)
 c - a +0 helmet (worn)
 e - a +0 robe
Jewellery
 g - an amulet of the acrobat (around neck)
Potions
 h - a potion of resistance


   Skills:
 + Level 1.9 Fighting
 + Level 3.1 Long Blades
 + Level 2.1 Throwing
 + Level 0.2 Armour
 + Level 2.9 Dodging
 * Level 0.4 Spellcasting


You had one spell level left.
You didn't know any spells.
Your spell library was empty.

Dungeon Overview and Level Annotations

Branches:
Dungeon (2/15)


Innate Abilities, Weirdness & Mutations

Your attributes grow dramatically as you level up.
You have an increased reservoir of magic. (+10% MP)
You shall have no god before yourself.


Message History

No target in view!
No target in view!
You see here a frilled lizard corpse.
You open the door.
There is an open door here.
Done exploring.
Done exploring.
(D) Dungeon
Where to? (? - help)
What level of the Dungeon? (default 1, ? - help)
There is a stone staircase leading down here.
You climb downwards.
An adder comes into view.
There is a stone staircase leading up here.
The adder hisses angrily.
The adder closely misses you.
You closely miss the adder. The adder misses you.
The adder completely misses you.
You closely miss the adder. The adder bites you.
You are poisoned.
The adder poisons you! The adder closely misses you.
You closely miss the adder.
You feel sick. The adder barely misses you.
You hit the adder but do no damage.
You feel sick. The adder bites you.
You are more poisoned.
The adder poisons you! The adder bites you.
You miss the adder.
You feel sick. The adder barely misses you. The adder bites you.
You are more poisoned.
The adder poisons you!
You closely miss the adder.
You feel very sick. The adder bites you.
* * * LOW HITPOINT WARNING * * *
As you read the scroll labelled NAXO SAG HACH, it crumbles to dust.
It is a scroll of identify.
h - a potion of resistance
* * * LOW HITPOINT WARNING * * *
You feel sick. The adder closely misses you. The adder bites you.
* * * LOW HITPOINT WARNING * * *
You die...

.# .# ##
##.# #.
...##
#.##...#
#....#.#
##..S...#
#.......#
#...@...#
#.......#
##....<##
........##
#########


You could see an adder.

Vanquished Creatures
  3 dart slugs (D:1)
  2 ball pythons (D:1)
  A bat (D:1)
  2 endoplasms (D:1)
  A giant cockroach (D:1)
  2 goblins (D:1)
  3 hobgoblins (D:1)
  2 frilled lizards (D:1)
  A kobold (D:1)
  A rat (D:1)
18 creatures vanquished.

Notes
Turn   | Place    | Note
-------+----------+-------------------------------------------
     0 | D:1      | horus123 the Demigod Gladiator began the quest for the Orb.
     0 | D:1      | Reached XP level 1. HP: 17/17 MP: 3/3
   210 | D:1      | Reached XP level 2. HP: 24/24 MP: 4/4
   235 | D:1      | Reached skill level 3 in Long Blades
   701 | D:2      | HP: 1/24 [adder (4)]
   702 | D:2      | Succumbed to an adder's poison

Illustrated notes

Levels and vault maps discovered:
D:1:      amcnicky_arrival_choice, layout_basic,
          chequers_ecumenical_altar_twisty, minmay_misc_feat_columns
D:2:      wad_lake_hut, layout_loops_ring, minmay_surrounded

Skill      XL: |  1  2 |
---------------+-------+-----
Throwing       | 2 |  2.1
Long Blades    | 3 |  3.1
Fighting       | |  1.9
Armour         | |  0.2
Dodging        | |  2.9
Spellcasting   | |  0.4

Action                   || total
-------------------------++-------
Melee: Long sword        ||    44
  Use: Scroll            ||     2
Armor: Leather armour    ||     9
Dodge: Dodged            ||    33
       Rpst.: Long sword ||     3
